 Dungeon Crawl Stone Soup version 0.17.1-1-g73c8601 (webtiles) character file.

11181 PossumBlood the Severer (level 12, -27/93 HPs)
             Began as a Formicid Fighter on Dec 19, 2015.
             Was a High Priest of Okawaru.
             Annihilated by Timinator's ghost (36 damage)
             ... on level 11 of the Dungeon.
             The game lasted 00:34:00 (8811 turns).

PossumBlood the Severer (Formicid Fighter)          Turns: 8811, Time: 00:34:02

Health: -27/93     AC: 13    Str: 27    XL:     12   Next: 4%
Magic:  12/12      EV:  5    Int:  7    God:    Okawaru [*****.]
Gold:   421        SH: 12    Dex: 10    Spells: 0 memorised, 11 levels left

rFire  . . .     SeeInvis +     D - +6 war axe of Sygeomp {speed, rC+}
rCold  + + .     Clarity  .     s - +0 plate armour
rNeg   . . .     SustAt   +     F - +2 shield
rPois  .         Gourm    .     (helmet unavailable)
rElec  .         Spirit   .     h - +0 cloak
rCorr  .         Warding  .     (no gloves)
rMut   .         Stasis   +     y - +0 pair of boots
MR     +....                    (no amulet)
Stlth  ..........               L - ring of sustain attributes
                                r - ring of protection from cold

@: somewhat resistant to hostile enchantments, extremely unstealthy
A: permanent stasis, dig shafts and tunnels, four strong arms, antennae 3, spit
poison 1
a: Dig, Shaft Self, Spit Poison, Heroism, Renounce Religion


You were on level 11 of the Dungeon.
You worshipped Okawaru.
Okawaru was extremely pleased with you.
You were not hungry.

You visited 2 branches of the dungeon, and saw 12 of its levels.

You collected 608 gold pieces.
You spent 187 gold pieces at shops.

Inventory:

Hand Weapons
 a - a +1 war axe
 c - a +5 vampiric executioner's axe
 m - a +3 war axe
 D - the +6 war axe of Sygeomp (weapon) {speed, rC+}
   (You bought it in a shop on level 4 of the Dungeon)

   Attacks with this weapon are significantly faster.
   It protects you from cold.
 E - a +0 battleaxe
 K - a +2 hand axe of chopping
Armour
 h - a +0 cloak (worn)
 s - a +0 plate armour (worn)
 y - a +0 pair of boots (worn)
 F - a +2 shield (worn)
Jewellery
 r - a ring of protection from cold (left hand)
 L - a ring of sustain attributes (right hand)
Wands
 n - a wand of slowing (31)
 p - a wand of polymorph (11)
 G - a wand of frost (12)
Scrolls
 b - a scroll of enchant armour
 i - 2 scrolls of fear
 v - 3 scrolls of remove curse
 B - 2 scrolls of recharging
Potions
 g - a potion of beneficial mutation
 j - 2 potions of flight {unknown}
 l - 3 potions of magic
 t - a potion of cure mutation {unknown}
 x - a potion of heal wounds {unknown}
 A - 2 potions of mutation
 C - 3 potions of brilliance
 I - a potion of poison {unknown}
 N - a potion of invisibility {unknown}
Books
 f - a book of Flames

   Spells                             Type                      Level
   a - Flame Tongue                   Conjuration/Fire             1
   b - Throw Flame                    Conjuration/Fire             2
   c - Conjure Flame                  Conjuration/Fire             3
   d - Inner Flame                    Hexes/Fire                   3
   e - Sticky Flame                   Conjuration/Fire             4
   f - Fireball                       Conjuration/Fire             5
Comestibles
 e - 7 bread rations
 u - 9 beef jerkies
 z - 3 meat rations
 M - a royal jelly


   Skills:
 * Level 8.3 Fighting
 - Level 16.0 Axes
 - Level 3.2 Armour
 - Level 3.6 Shields


You had 11 spell levels left.
You didn't know any spells.

Dungeon Overview and Level Annotations

Branches:
Dungeon (11/15)            Temple (1/1) D:4
   Lair: D:8-11         Orc: D:9-12

Altars:
Ashenzari
Cheibriados
Dithmenos
Elyvilon
Fedhas
Gozag
Kikubaaqudgha
Makhleb
Nemelex Xobeh
Okawaru
Qazlal
Ru
Sif Muna
Trog
Vehumet
Xom
Yredelemnul
Zin
The Shining One

Shops:
D:4 }(%([   D:5 (   D:7 *   D:8 [

Annotations:
D:4 exclusion: upstairs
D:11 Timinator's ghost, journeyman TrMo


Innate Abilities, Weirdness & Mutations

You are under a permanent stasis effect.
You can dig through walls and to a lower floor.
Your four strong arms can wield two-handed weapons with a shield.
You have a pair of large antennae on your head (SInv).
You can spit weak poison.


Message History

You hit Timinator's ghost.
Timinator's ghost is heavily damaged.
Timinator's ghost hits you!
* * * LOW HITPOINT WARNING * * *
You slash Timinator's ghost!
Timinator's ghost is heavily damaged.
You slash the ogre!
The ogre is moderately wounded.
You slash Timinator's ghost!
Timinator's ghost is severely damaged.
You slash the ogre!
The ogre is heavily wounded.
You block Timinator's ghost's attack. The ogre hits you but does no damage.
You barely miss Timinator's ghost.
Timinator's ghost is severely damaged.
You slash the ogre!
The ogre is almost dead.
Timinator's ghost says, "I break bones and crack skulls... with my bare hands."
Timinator's ghost hits you!!!
You die...

#...#
#...#
#...# {
#...#
#...#
#...#
#...#
#WO.#
#@..#
#...#
.......
#########


You could see an ogre and Timinator's ghost.

Vanquished Creatures
  Erolcha (D:9)
  The ghost of PossumBlood the Cleaver, a novice MiFi (D:6)
  Maurice (D:10)
  Joseph (D:7)
  The ghost of Arkorax the Twirler, a novice TeGl of Gozag (D:4)
  A troll (D:10)
  A two-headed ogre (D:8)
  Grinder (D:5)
  A wyvern (D:7)
  4 deep elf magi
  20 yaks
  Eustachio (D:6)
  A hungry ghost (D:8)
  Grum (D:10)
  2 wolves (D:10)
  Menkaure (D:6)
  A hippogriff (D:10)
  2 sky beasts
  A black bear (D:9)
  5 ogres
  3 orc warriors (D:6)
  6 phantoms
  4 centaurs
  An ice beast (D:5)
  5 giant frogs
  Blork the orc (D:6)
  2 gnoll sergeants (D:6)
  7 wights
  3 crimson imps
  A quasit (D:8)
  3 orc priests
  5 orc wizards
  A centaur skeleton (D:7)
  A giant frog skeleton (D:7)
  Ijyb (D:2)
  4 jellies
  6 hounds
  Terence (D:2)
  An iguana (D:8)
  8 worker ants
  3 hound skeletons
  A worker ant zombie (D:6)
  Robin (D:2)
  11 adders
  A shadow imp (D:8)
  An adder zombie (D:6)
  4 worms
  An adder skeleton (D:6)
  19 orcs
  6 giant cockroaches
  17 goblins
  10 hobgoblins
  12 jackals
  8 kobolds
  2 quokkas
  2 ball pythons
  7 bats
  2 giant geckos
  5 giant newts
  15 rats
240 creatures vanquished.

Vanquished Creatures (others)
  A fungus (D:2)
1 creature vanquished.

Grand Total: 241 creatures vanquished

Notes
Turn   | Place    | Note
--------------------------------------------------------------
     0 | D:1      | PossumBlood the Formicid Fighter began the quest for the Orb.
     0 | D:1      | Reached XP level 1. HP: 18/18 MP: 1/1
   200 | D:1      | Reached XP level 2. HP: 18/24 MP: 2/2
   525 | D:1      | Reached XP level 3. HP: 25/29 MP: 3/3
   937 | D:2      | Noticed Ijyb
   948 | D:2      | Killed Ijyb
   948 | D:2      | Reached skill level 4 in Axes
   948 | D:2      | Reached XP level 4. HP: 35/35 MP: 4/4
  1100 | D:2      | Noticed Robin
  1117 | D:2      | Killed Robin
  1471 | D:2      | Noticed Terence
  1482 | D:2      | Reached XP level 5. HP: 28/41 MP: 5/5
  1489 | D:2      | Killed Terence
  1489 | D:2      | Reached skill level 5 in Axes
  1822 | D:2      | Found a stormy altar of Qazlal.
  1828 | D:2      | Found a blossoming altar of Fedhas.
  2386 | D:3      | Reached XP level 6. HP: 47/47 MP: 6/6
  2626 | D:4      | Found a staircase to the Ecumenical Temple.
  2630 | D:4      | Reached skill level 6 in Axes
  2651 | D:4      | Found Soqoro's Food Boutique.
  2674 | Temple   | Entered the Ecumenical Temple
  2774 | D:4      | Noticed Arkorax's ghost (novice TeGl)
  2787 | D:4      | Killed Arkorax's ghost
  2787 | D:4      | Reached skill level 7 in Axes
  2787 | D:4      | Reached XP level 7. HP: 4/52 MP: 7/7
  2937 | D:4      | Found Sarepsat's Antique Weapon Shoppe.
  2941 | D:4      | Found Apri Kim's Gadget Shop.
  3142 | D:4      | Reached skill level 8 in Axes
  3259 | D:4      | Found Xecounny's Antique Weapon Shop.
  3358 | D:4      | Found a sparkling altar of Nemelex Xobeh.
  3362 | D:4      | Found Xosu's Antique Armour Shoppe.
  3678 | D:5      | Entered Level 5 of the Dungeon
  3727 | D:5      | Found Zylaokh's Weapon Shoppe.
  3768 | D:5      | Found a glowing silver altar of Zin.
  3782 | D:5      | Found an iron altar of Okawaru.
  3785 | D:5      | Reached XP level 8. HP: 58/58 MP: 8/8
  3795 | D:5      | Became a worshipper of Warmaster Okawaru
  3941 | D:5      | Reached skill level 9 in Axes
  3949 | D:5      | Noticed Grinder
  3959 | D:5      | Killed Grinder
  4351 | D:4      | Bought a steaming war axe for 187 gold pieces
  4358 | D:4      | Identified the +6 war axe of Sygeomp {speed, rC+} (You bought it in a shop on level 4 of the Dungeon)
  4389 | D:6      | Noticed Eustachio
  4404 | D:6      | Reached skill level 10 in Axes
  4406 | D:6      | Reached * piety under Okawaru
  4416 | D:6      | Noticed Blork the orc
  4421 | D:6      | Killed Eustachio
  4421 | D:6      | Reached XP level 9. HP: 16/64 MP: 9/9
  4430 | D:6      | Killed Blork the orc
  4445 | D:6      | Reached skill level 11 in Axes
  4456 | D:6      | Reached ** piety under Okawaru
  4561 | D:6      | Noticed PossumBlood's ghost (novice MiFi)
  4575 | D:6      | Killed PossumBlood's ghost
  4575 | D:6      | Reached skill level 12 in Axes
  5037 | D:6      | Noticed Menkaure
  5045 | D:6      | Killed Menkaure
  5046 | D:6      | Reached *** piety under Okawaru
  5046 | D:6      | Reached XP level 10. HP: 36/70 MP: 10/10
  5124 | D:6      | Reached skill level 13 in Axes
  5206 | D:6      | Found a sacrificial altar of Ru.
  5247 | D:6      | Reached skill level 14 in Axes
  5468 | D:6      | Found a basalt altar of Yredelemnul.
  5579 | D:7      | Found a burning altar of Makhleb.
  5598 | D:7      | Found a snail-covered altar of Cheibriados.
  5601 | D:7      | Found an opulent altar of Gozag.
  5608 | D:7      | Noticed Joseph
  5624 | D:7      | Killed Joseph
  5624 | D:7      | Reached **** piety under Okawaru
  5761 | D:7      | Found a shadowy altar of Dithmenos.
  6014 | D:7      | Found an ancient bone altar of Kikubaaqudgha.
  6043 | D:7      | Found Foss's Fabulous Fripperies.
  6144 | D:8      | Found Tatwohom's Armour Shoppe.
  6243 | D:8      | Reached XP level 11. HP: 65/75 MP: 11/11
  6506 | D:8      | Reached skill level 15 in Axes
  6647 | D:8      | Found a deep blue altar of Sif Muna.
  6849 | D:9      | Reached ***** piety under Okawaru
  6939 | D:9      | Noticed Erolcha
  6954 | D:9      | Killed Erolcha
  7075 | D:9      | Reached skill level 16 in Axes
  7344 | D:10     | Entered Level 10 of the Dungeon
  7361 | D:10     | Noticed Grum
  7368 | D:10     | Reached skill level 5 in Fighting
  7388 | D:10     | Gained mutation: You can spit weak poison. [potion of beneficial mutation]
  7393 | D:10     | Killed Grum
  8058 | D:10     | Noticed Maurice
  8062 | D:10     | Received a gift from Okawaru
  8074 | D:10     | Killed Maurice
  8217 | D:10     | Reached XP level 12. HP: 70/92 MP: 12/12
  8779 | D:11     | Noticed Timinator's ghost (journeyman TrMo)
  8811 | D:11     | Annihilated by Timinator's ghost

Action                   |  1- 3 |  4- 6 |  7- 9 | 10-12 || total
-------------------------+-------+-------+-------+-------++-------
Melee: War axe           |    91 |   165 |   191 |   335 ||   782
       Executioner's axe |       |       |       |    13 ||    13
  Use: Scroll            |       |     9 |     3 |    10 ||    22
       Potion            |       |     1 |     2 |     3 ||     6
  Eat: Bread ration      |       |     2 |       |     2 ||     4
       Pizza             |       |       |     1 |     1 ||     2
       Fruit             |       |       |     4 |       ||     4
       Meat ration       |       |       |       |     1 ||     1
       Royal jelly       |       |       |       |     1 ||     1
